 Dungeon Crawl Stone Soup version 0.22.1-1-ga44c0e5 (console) character file.

2837 raymoo the Digger (level 9, -2/52 HPs)
             Began as a Gargoyle Earth Elementalist on Sept 27, 2018.
             Was a Follower of Vehumet.
             Slain by Harold
             ... wielding a +0 glaive
              (23 damage)
             ... on level 7 of the Dungeon.
             The game lasted 00:47:27 (9185 turns).

raymoo the Digger (Gargoyle Earth Elementalist)     Turns: 9185, Time: 00:47:27

Health: -2/52      AC: 14    Str: 13    XL:     9   Next: 74%
Magic:  1/17       EV: 13    Int: 18    God:    Vehumet [*.....]
Gold:   186        SH:  0    Dex: 10    Spells: 9/18 levels left

rFire    . . .     SeeInvis .   I - +1 whip (flame)
rCold    . . .     Gourm    .   (no shield)
rNeg     + . .     Faith    .   J - +2 robe
rPois    ∞         Spirit   .   (no helmet)
rElec    +         Reflect  .   j - +0 cloak
rCorr    .         Harm     .   (no gloves)
MR       .....                  (no boots)
Stlth    ++........             x - amulet of regeneration
HPRegen  0.57/turn              (no ring)
MPRegen  0.15/turn              F - +3 ring of protection

@: marked
A: negative energy resistance 1, electricity resistance, unbreathing,
petrification resistance, rot immunity, AC +6
a: Renounce Religion


You were on level 7 of the Dungeon.
You worshipped Vehumet.
Vehumet was aware of your devotion.
You were not hungry.

You visited 2 branches of the dungeon, and saw 8 of its levels.
You also visited: Sewer.

You collected 321 gold pieces.
You spent 135 gold pieces at shops.

Inventory:

Hand Weapons
 a - a +2 quarterstaff of chaos
 e - a +0 scythe
 k - a +0 mace of draining
 n - a +2 dagger of flaming
 p - a +0 whip of electrocution
 I - a +1 whip of flaming (weapon)
Missiles
 b - 213 stones (quivered)
Armour
 c - a +1 robe
 j - a +0 cloak (worn)
 r - a +0 shield
 J - a +2 robe (worn)
Jewellery
 h - an uncursed ring of fire
 x - an amulet of regeneration (around neck)
 F - a +3 ring of protection (right hand)
Wands
 f - a wand of digging (25)
 D - a wand of acid (14)
Scrolls
 g - 7 scrolls of fear
 i - 3 scrolls of teleportation
 o - 2 scrolls of blinking {unknown}
 u - a scroll of identify {unknown}
 w - a scroll of remove curse
 y - 2 scrolls of fog {unknown}
 B - a scroll of amnesia
 G - a scroll of enchant weapon {unknown}
 H - a scroll of magic mapping
Potions
 l - 2 potions of heal wounds {unknown}
 m - a potion of magic {unknown}
 q - a potion of invisibility {unknown}
 s - a potion of agility {unknown}
 t - 2 potions of might {unknown}
 v - 2 potions of curing
 z - a potion of lignification
 A - 2 potions of brilliance {unknown}
 C - a potion of flight {unknown}
 E - a potion of berserk rage {unknown}
Comestibles
 d - 9 rations


   Skills:
 + Level 3.7 Fighting
 + Level 3.4 Maces & Flails
 + Level 3.5 Armour
 + Level 3.2 Dodging
 - Level 2.1 Stealth
 + Level 3.7 Shields
 + Level 5.4 Spellcasting
 + Level 5.6 Conjurations
   Level 0.7 Transmutations
 + Level 7.8 Earth Magic
 + Level 2.9 Evocations


You had 9 spell levels left.
You knew the following spells:

 Your Spells              Type           Power        Failure   Level  Hunger
a - Sandblast             Erth           ####..       1%          1    None
b - Stone Arrow           Conj/Erth      ####..       2%          3    ##.....
c - Lee's Rapid Deconstr  Erth           ####......   14%         5    ######.

Your spell library contained the following spells:

 Spells                   Type           Power        Failure   Level  Hunger
 Magic Dart               Conj           ####         1%          1    None
 Passwall                 Tmut/Erth      ###.....     3%          2    #......
 Petrify                  Tmut/Erth      ###.....     22%         4    ####...


Dungeon Overview and Level Annotations

Branches:
Dungeon (7/15)             Temple (1/1) D:5

Altars:
Ashenzari
Cheibriados
Fedhas
Gozag
Hepliaklqana
Kikubaaqudgha
Okawaru
Qazlal
Ru
Sif Muna
Trog
Vehumet
Wu Jian
Xom
Yredelemnul
Zin

Shops:
D:4 [   D:7 }

Annotations:
D:7 Harold


Innate Abilities, Weirdness & Mutations

You are resistant to torment.
Your stone body is resilient. (AC +6)
You are immune to poison.
You resist negative energy. (rN+)
You are resistant to electric shocks. (rElec)
You can survive without breathing.
You are immune to petrification.
You are immune to rotting.


Message History

Harold hits you from afar with a glaive!
* * * LOW HITPOINT WARNING * * *
Harold points at you and mumbles some strange words.
The harpoon shot misses you.
You feel better.
The giant cockroach waves its antennae.
Casting: Sandblast (safe; 1% risk of failure)
Confirm with . or Enter, or press ? or * to list all spells.
Aiming: Sandblast (safe; 1% risk of failure)
Press: ? - help, Shift-Dir - straight line, f/p - Harold
Aim: Harold, wielding a glaive and wearing a chain mail (heavily wounded)
The blast of sand hits Harold.
Harold is almost dead.
b - 213 stones Harold closely misses you.
Harold says, "Let's make it quick, okay?
I've got mouths to feed."
Harold points at you and mumbles some strange words.
The harpoon shot hits you!
Harold hits you from afar with a glaive!!
You die...

#########
#.@.#....#)..#.#.##
##..#.#).......#.##
#..s...##.......##
#####.#####.....####
#...@...# ......# #
#s###[#.#.......#
#@##....#.......# #
#.##....#.......# #
#.##....# #
#@##.##.# #
#..@....# #
####.#### # #.#
######### # #.#
#.......# # #.#
#.#####.# # #.#
#.......####
#.####...........
#.........##.####
######....##.#
#.......# #.......#


You could see Harold.

Vanquished Creatures
  Pikel (D:7)
  A hippogriff (D:7)
  Sigmund (D:3)
  2 sky beasts
  3 black bears
  2 centaurs
  An ogre (D:7)
  2 bullfrogs
  A scorpion (D:5)
  4 wights (D:7)
  A crimson imp (D:6)
  2 hounds (D:5)
  An orc priest (D:3)
  A centaur skeleton (D:6)
  A jelly (D:5)
  6 orc wizards
  Crazy Yiuf (D:2)
  3 iguanas
  8 worker ants
  A hound skeleton (D:4)
  12 adders
  9 gnolls
  An adder zombie (D:5)
  5 worms
  3 dart slugs
  5 leopard geckos
  15 orcs
  6 ball pythons
  7 bats
  2 giant cockroaches
  9 goblins
  8 hobgoblins
  17 jackals
  5 quokkas
  A ball python skeleton (D:4)
  7 frilled lizards
  17 kobolds
  3 leopard gecko skeletons (D:5)
  8 rats
  2 fungi (D:2)
  A plant (Sewer)
186 creatures vanquished.

Vanquished Creatures (others)
  A slave (D:7)
  An ogre (D:7)
  A plant (Sewer)
3 creatures vanquished.

Grand Total: 189 creatures vanquished

Notes
Turn   | Place    | Note
-------+----------+-------------------------------------------
     0 | D:1      | raymoo the Gargoyle Earth Elementalist began the quest for
                  | the Orb.
     0 | D:1      | Reached XP level 1. HP: 10/10 MP: 3/3
   115 | D:1      | Reached XP level 2. HP: 14/15 MP: 0/5
   145 | D:1      | Reached skill level 4 in Earth Magic
   420 | D:1      | Reached XP level 3. HP: 17/19 MP: 3/6
   425 | D:1      | Learned a level 3 spell: Stone Arrow
  1776 | D:2      | Reached skill level 1 in Conjurations
  1900 | D:2      | Reached XP level 4. HP: 24/24 MP: 5/8
  1967 | D:2      | Found a runed door.
  2147 | D:2      | Noticed Crazy Yiuf
  2154 | D:2      | Killed Crazy Yiuf
  2552 | D:3      | Noticed Sigmund
  2555 | D:3      | Found an ornate altar of the Wu Jian Council.
  2641 | D:3      | Killed Sigmund
  2641 | D:3      | Reached skill level 5 in Earth Magic
  2641 | D:3      | Reached XP level 5. HP: 8/28 MP: 1/10
  2641 | D:3      | Reached XP level 6. HP: 9/32 MP: 1/11
  2902 | D:3      | Learned a level 5 spell: Lee's Rapid Deconstruction
  4058 | D:4      | Reached skill level 6 in Earth Magic
  4226 | D:4      | Found a bloodstained altar of Trog.
  4231 | D:4      | Reached XP level 7. HP: 33/36 MP: 11/13
  4637 | D:4      | Found Daraup's Antique Armour Boutique.
  4645 | D:4      | Bought a shield for 135 gold pieces
  4971 | D:5      | Entered Level 5 of the Dungeon
  4978 | D:5      | Found a deep blue altar of Sif Muna.
  5123 | D:5      | Found a glowing drain.
  5143 | Sewer    | Entered a sewer
  6102 | D:5      | Found a shattered altar of Ashenzari.
  6252 | D:5      | Reached skill level 1 in Fighting
  6260 | D:5      | Found a staircase to the Ecumenical Temple.
  6281 | Temple   | Entered the Ecumenical Temple
  6289 | Temple   | Became a worshipper of Vehumet
  6488 | D:5      | Reached skill level 1 in Maces & Flails
  6745 | D:5      | Reached skill level 1 in Shields
  6894 | D:5      | Reached skill level 1 in Armour
  6894 | D:5      | Reached skill level 1 in Evocations
  6894 | D:5      | Reached XP level 8. HP: 38/43 MP: 2/14
  7643 | D:6      | Reached * piety under Vehumet
  7643 | D:6      | Offered knowledge of Magic Dart by Vehumet.
  7762 | D:6      | Reached skill level 7 in Earth Magic
  8142 | D:7      | Reached skill level 5 in Spellcasting
  8225 | D:7      | Reached skill level 5 in Conjurations
  8277 | D:7      | Found an opulent altar of Gozag.
  8287 | D:7      | Noticed a hippogriff
  8305 | D:7      | Reached XP level 9. HP: 39/49 MP: 7/16
  8473 | D:7      | Found Qaaveifu's Gadget Emporium.
  8785 | D:7      | Noticed Pikel
  8811 | D:7      | Killed Pikel
  9128 | D:7      | Noticed Harold
  9185 | D:7      | Slain by Harold

Skill      XL: |  1  2  3  4  5  6  7  8  9 |
---------------+----------------------------+-----
Earth Magic    | 4 5 6 7 |  7.8
Conjurations   | 1 3 4 5 |  5.6
Spellcasting   | 3 4 5 |  5.4
Fighting       | 1 2 3 |  3.7
Maces & Flails | 1 2 3 |  3.4
Shields        | 1 2 3 |  3.7
Armour         | 1 2 3 |  3.5
Dodging        | 2 3 |  3.2
Evocations     | 1 2 |  2.9
Stealth        | |  2.1
Transmutations | |  0.7

Action                   |  1- 3 |  4- 6 |  7- 9 || total
-------------------------+-------+-------+-------++-------
Melee: Club              |    13 |       |       ||    13
       Dagger            |    39 |    73 |       ||   112
       Mace              |       |   113 |   364 ||   477
       Whip              |       |       |     6 ||     6
 Cast: Sandblast         |    35 |    16 |    91 ||   142
       Stone Arrow       |       |     9 |    32 ||    41
  Use: Scroll            |       |     4 |     2 ||     6
       Potion            |       |     4 |     5 ||     9
 Stab: Sleeping          |     3 |     3 |     4 ||    10
  Eat: Ration            |     1 |     1 |     3 ||     5
       Chunk             |       |     5 |     9 ||    14
Armor: Robe              |    15 |    91 |   191 ||   297
       Skin              |       |    38 |       ||    38
Dodge: Dodged            |    46 |   135 |   292 ||   473
